 Dungeon Crawl Stone Soup version 0.30-a0-719-gcc4359ea44 (webtiles) character file.

Game seed: 15339569744054657243

241 Hubris850 the Chopper (level 5, -5/46 HPs)
             Began as a Minotaur Fighter on Jan 26, 2023.
             Killed by divine providence
             ... invoked by an orc priest
              (13 damage)
             ... on level 4 of the Dungeon.
             The game lasted 00:04:21 (1995 turns).

Hubris850 the Chopper (Minotaur Fighter)            Turns: 1995, Time: 00:04:21

Health: -5/46      AC: 12    Str: 22    XL:     5   Next: 80%
Magic:  4/4        EV:  9    Int:  5    God:
Gold:   178        SH:  4    Dex: 10    Spells: 4/4 levels left

rFire   . . .      SeeInvis .    a - +0 war axe
rCold   . . .      Faith    .    c - +0 buckler
rNeg    + . .      Spirit   .    b - +0 scale mail
rPois   .          Reflect  .    (helmet restricted)
rElec   .          Harm     .    r - +0 cloak
rCorr   .          Rampage  .    (no gloves)
Will    .....                    (no boots) Stlth
                                 (no amulet)
HPRegen 0.27/turn                l - ring of positive energy
MPRegen 0.09/turn                u - +4 ring of protection

@: mighty
A: horns 2, retaliatory headbutt
a: no special abilities


You were on level 4 of the Dungeon.
You visited 1 branch of the dungeon, and saw 4 of its levels.

You collected 178 gold pieces.

Inventory:

Hand Weapons
 a - a +0 war axe (weapon)
Missiles
 e - 3 javelins
 s - 2 boomerangs (quivered)
Armour
 b - a +0 scale mail (worn)
 c - a +0 buckler (worn)
 r - a +0 cloak (worn)
Magical Staves
 t - a staff of air
Jewellery
 l - a ring of positive energy (left hand)
 u - a +4 ring of protection (right hand)
Scrolls
 f - 7 scrolls of identify {unknown}
 g - 3 scrolls of poison {unknown}
 j - 2 scrolls of magic mapping {unknown}
 k - a scroll of blinking {unknown}
 m - a scroll of immolation {unknown}
 n - a scroll of amnesia {unknown}
 o - a scroll of vulnerability {unknown}
 p - a scroll of enchant armour {unknown}
 v - a scroll of brand weapon {unknown}
Potions
 d - a potion of might
 h - 3 potions of curing {unknown}
 i - a potion of degeneration {unknown}
 q - a potion of mutation {unknown}


   Skills:
 - Level 4.0 Fighting
 + Level 5.1 Axes
 + Level 3.5 Throwing
 - Level 4.0 Armour
 - Level 4.0 Shields


You had 4 spell levels left.
You didn't know any spells.
Your spell library contained the following spells:

 Spells                   Type           Power      Damage    Failure   Level
 Slow                     Hex            0%         N/A       87%         1
 Confusing Touch          Hex            0%         N/A       99%         3
 Portal Projectile        Hex/Tloc       0%         N/A       99%         3
 Tukima's Dance           Hex            0%         N/A       99%         3
 Vampiric Draining        Necr           0%         2d6       99%         3
 Blade Hands              Tmut           0%         N/A       100%        5


Dungeon Overview and Level Annotations

Branches:
Dungeon (4/15)
 Temple: D:4-7

Altars:
Hepliaklqana
The Shining One


Innate Abilities, Weirdness & Mutations

You have a pair of horns on your head.
You reflexively headbutt those who attack you in melee.


Message History

The scorpion is almost dead.
You closely miss the orc. The scorpion closely misses you.
The orc hits you but does no damage. You block the orc's attack.
You block the scorpion's attack. The orc barely misses you.
You slash the scorpion!
You kill the scorpion!
You hit the orc.
You kill the orc!
The orc barely misses you.
Your Axes skill increases to level 5!
You barely miss the orc. You hit the orc but do no damage.
The orc hits you but does no damage. x2; You block the orc's attack.
You hit the orc. Your headbutt misses the orc.
The orc is moderately wounded.
You completely miss the orc. The orc barely misses you.
The orc hits you but does no damage. The orc closely misses you.
The orc priest calls down the wrath of Beogh upon you.
Beogh smites you!
* * * LOW HITPOINT WARNING * * *
The orc hits you but does no damage. You block the orc's attack.
The orc closely misses you.
You slice the orc!!
You kill the orc!
You hit the orc. The orc hits you but does no damage. x2
The orc priest calls upon Beogh to heal the orc.
The orc's wounds heal themselves!
You barely miss the orc priest. You completely miss the orc.
The orc hits you but does no damage. x2
The orc priest hits you with a +0 falchion.
* * * LOW HITPOINT WARNING * * *
You closely miss the orc priest. You headbutt the orc priest.
The orc priest is lightly wounded.
You closely miss the orc. The orc closely misses you.
The orc hits you but does no damage.
The orc priest hits you but does no damage.
The orc hits you but does no damage. The orc priest closely misses you.
You block the orc's attack.
The orc priest calls down the wrath of Beogh upon you.
Beogh smites you!
You die... ###...... #....... #...... #........# # #....# ..# .# ..o.# ..# .# #ooo#

..#..#
#@#####.#..#
#...........
##...##.#.
#.#)..<#
#.###...#
.....#.#....
......#.#....#
#......#.#
....#
#...###...
##...


You could see 2 orc priests and 2 orcs.

Vanquished Creatures
  A scorpion (D:4)
  An orc priest (D:3)
  Terence (D:3)
  An orc wizard (D:4)
  3 adders
  2 dart slugs
  7 orcs
  3 ball pythons
  8 bats
  2 endoplasms (D:1)
  3 giant cockroaches
  3 hobgoblins
  4 jackals (D:1)
  6 quokkas
  2 frilled lizards (D:1)
  10 goblins
  2 kobolds (D:1)
  7 rats
  A spectral goblin (D:2)
67 creatures vanquished.

Notes
Turn   | Place    | Note
-------+----------+-------------------------------------------
     0 | D:1      | Hubris850 the Minotaur Fighter began the quest for the Orb.
     0 | D:1      | Reached XP level 1. HP: 19/19 MP: 0/0
    78 | D:1      | Reached XP level 2. HP: 27/27 MP: 1/1
   334 | D:1      | Reached XP level 3. HP: 33/33 MP: 2/2
   379 | D:1      | Reached skill level 3 in Axes
   391 | D:1      | Reached skill level 1 in Throwing
   687 | D:2      | Found a faded altar of an unknown god.
  1353 | D:3      | Reached XP level 4. HP: 40/40 MP: 3/3
  1423 | D:3      | Reached skill level 4 in Axes
  1523 | D:3      | Noticed Terence
  1533 | D:3      | Killed Terence
  1535 | D:3      | Reached XP level 5. HP: 39/46 MP: 4/4
  1573 | D:3      | Found a hazy altar of Hepliaklqana.
  1687 | D:3      | Found a glowing golden altar of the Shining One.
  1991 | D:4      | Reached skill level 5 in Axes
  1995 | D:4      | Killed from afar by an orc priest

Illustrated notes

Levels and vault maps discovered:
D:1:      amcnicky_arrival_single_pillar, layout_loops_ring
D:2:      layout_loops_ring, dreamdust_ecumenical_altar_drowned_temple
D:3:      layout_loops_cross, mainiacjoe_overflow_alcove_2, tso_metal_star,
          uniq_terence
D:4:      kennysheep_kobold_camp, layout_basic, old_standard_altar,
          nicolae_overflow_crystal_walls, minmay_temple_entry_mini_moons,
          st_stairs_7, nicolae_titane

Skill      XL: |  1  2  3  4  5 |
---------------+----------------+-----
Shields        | 4 |  4.0
Fighting       | 4 |  4.0
Armour         | 4 |  4.0
Axes           | 3 4 5 |  5.1
Throwing       | 1 2 3 |  3.5

Action                     |  1- 3 |  4- 6 || total
---------------------------+-------+-------++-------
  Melee: War axe           |    86 |    57 ||   143
         Headbutt          |     7 |     9 ||    16
  Throw: Boomerang         |       |     1 ||     1
    Use: Potion            |       |     1 ||     1
 Armour: Scale mail        |    50 |    54 ||   104
  Dodge: Dodged            |    38 |    30 ||    68
  Block: Buckler           |    15 |    19 ||    34

Table legend: (Time is in decaauts)
 A = Elapsed time spent in this place.
 B = Non-inter-level travel time spent in this place.
 C = Inter-level travel time spent in this place.
 D = Time resting spent in this place.
 E = Time spent auto-exploring this place.
 F = Levels seen in this place.
 G = Mean time per level.
                   A        B        C        D        E       F      G
               +--------+--------+--------+--------+--------+-----+--------+
         Total |   2047 |   2017 |     30 |      0 |   1628 |   4 |  511.8 |
       Dungeon |   2047 |   2017 |     30 |      0 |   1628 |   4 |  511.8 |
               +--------+--------+--------+--------+--------+-----+--------+

Top non-repeatable levels by time:
     D:3: 708 daAuts
     D:2: 676 daAuts
     D:1: 619 daAuts
     D:4: 43 daAuts
